 Dungeon Crawl Stone Soup version 0.23-a0-151-gf6d1ed2 (webtiles) character file.

326 popedarpa the Skirmisher (level 6, -3/67 HPs)
             Began as an Ogre Hunter on Sept 9, 2018.
             Was a Follower of Cheibriados.
             Slain by a leopard gecko (4 damage)
             ... on level 4 of the Dungeon.
             The game lasted 00:14:07 (3294 turns).

popedarpa the Skirmisher (Ogre Hunter)              Turns: 3294, Time: 00:14:07

Health: -3/67      AC:  4    Str: 20    XL:     6   Next: 49%
Magic:  6/6        EV: 11    Int: 14    God:    Cheibriados [*.....]
Gold:   198        SH:  0    Dex: 12    Spells: 5/5 levels left

rFire    . . .     SeeInvis .   u - -1 mace (curse)
rCold    . . .     Gourm    .   (no shield)
rNeg     . . .     Faith    .   b - +0 robe
rPois    .         Spirit   .   (helmet restricted)
rElec    .         Reflect  .   s - +0 cloak
rCorr    .         Harm     .   (gloves unavailable)
MR       .....                  (boots unavailable)
Stlth    ..........             (no amulet)
HPRegen  0.21/turn              z - ring of attention (curse)
MPRegen  0.10/turn              (no ring)

@: very slow
A: large, unfitting armour, tough skin 1
a: Bend Time, Renounce Religion


You were on level 4 of the Dungeon.
You worshipped Cheibriados.
Cheibriados was aware of your devotion.
You were not hungry.

You visited 1 branch of the dungeon, and saw 4 of its levels.

You collected 198 gold pieces.

Inventory:

Hand Weapons
 a - a +0 short sword
 q - a +0 mace
 u - a cursed -1 mace (weapon)
Missiles
 l - 70 stones (quivered)
Armour
 b - a +0 robe (worn)
 s - a +0 cloak (worn)
Jewellery
 z - a cursed ring of attention (left hand)
Wands
 x - a wand of disintegration (13)
 y - a wand of random effects (26)
Scrolls
 e - 3 scrolls of teleportation {unknown}
 h - 4 scrolls of amnesia {unknown}
 k - a scroll of fog {unknown}
 m - 3 scrolls of identify {unknown}
 n - a scroll of fear {unknown}
 o - 5 scrolls of remove curse {unknown}
 p - a scroll of enchant weapon {unknown}
 r - 2 scrolls of immolation {unknown}
 w - a scroll of magic mapping {unknown}
Potions
 g - a potion of flight {unknown}
 i - 2 potions of heal wounds {unknown}
 j - 2 potions of curing
 t - 2 potions of might {unknown}
 v - a potion of brilliance {unknown}
Comestibles
 f - 10 rations


   Skills:
 + Level 6.0 Fighting
 * Level 2.0 Maces & Flails
 + Level 5.0 Throwing
 - Level 3.0 Dodging
 - Level 0.6 Stealth


You had 5 spell levels left.
You didn't know any spells.
Your spell library was empty.

Dungeon Overview and Level Annotations

Branches:
Dungeon (4/15)
 Temple: D:4-7

Altars:
Cheibriados
Fedhas
Makhleb


Innate Abilities, Weirdness & Mutations

You are too large for most types of armour.
You have tough skin. (AC +1)


Message History

The orc priest looks encouraged for a moment.
You hit the orc priest.
The orc priest is moderately wounded.
The leopard gecko barely misses you. The orc barely misses you.
The orc priest closely misses you. The leopard gecko bites you.
* * * LOW HITPOINT WARNING * * *
You barely miss the orc priest.
The orc priest is moderately wounded.
The orc closely misses you. The leopard gecko barely misses you.
The orc hits you.
* * * LOW HITPOINT WARNING * * *
The orc priest casts a cantrip, but nothing happens.
The orc priest hits you but does no damage.
You hit the orc priest but do no damage.
The orc priest is moderately wounded.
* * * LOW HITPOINT WARNING * * *
You feel sick.
You are no longer poisoned.
The leopard gecko bites you.
You die...

#. ...# ### # #.. #...
.. . .###
.#..##..##.####.# ....#
................#
..#.####..$...........#
......... #$..........##
........# #...oo.......
........# #...l@.....#
........# ##...oo.....#
........###...........#
#.......##..###....##..#
#........#.## #.(#.###..
............####(.....#.
##........(.oo.....##.
.#......####....(.......
....................###.


You could see 2 orc priests, 2 orcs and a leopard gecko.

Vanquished Creatures
  A howler monkey (D:4)
  An iguana (D:4)
  Terence (D:2)
  Natasha (thrice) (D:2)
  A worker ant (D:3)
  3 gnolls (D:3)
  4 adders
  An ooze (D:2)
  2 worms (D:2)
  4 dart slugs
  3 leopard geckos (D:2)
  4 orcs (D:3)
  3 bats
  A giant cockroach (D:2)
  7 goblins
  2 hobgoblins
  2 kobolds
  4 quokkas
  4 frilled lizards
  A leopard gecko skeleton (D:4)
  9 rats
61 creatures vanquished.

Notes
Turn   | Place    | Note
-------+----------+-------------------------------------------
     0 | D:1      | popedarpa the Ogre Hunter began the quest for the Orb.
     0 | D:1      | Reached XP level 1. HP: 22/22 MP: 1/1
   178 | D:1      | Reached skill level 3 in Fighting
   182 | D:1      | Reached XP level 2. HP: 4/31 MP: 2/2
   938 | D:2      | Reached XP level 3. HP: 39/39 MP: 3/3
  1264 | D:2      | Reached skill level 4 in Fighting
  1442 | D:2      | Noticed Natasha
  1453 | D:2      | Killed Natasha
  1453 | D:2      | Reached XP level 4. HP: 29/49 MP: 4/4
  1500 | D:2      | Noticed Terence
  1508 | D:2      | Killed Terence
  1731 | D:2      | Reached skill level 5 in Fighting
  1878 | D:2      | Found a snail-covered altar of Cheibriados.
  1896 | D:2      | Became a worshipper of Cheibriados the Contemplative
  2010 | D:2      | Reached XP level 5. HP: 57/57 MP: 5/5
  2086 | D:2      | Found a faded altar of an unknown god.
  2116 | D:2      | Noticed Natasha
  2124 | D:2      | Killed Natasha
  2181 | D:2      | Noticed Natasha
  2197 | D:2      | Killed Natasha
  2554 | D:3      | Found a burning altar of Makhleb.
  2571 | D:3      | Reached skill level 1 in Maces & Flails
  2579 | D:3      | Reached XP level 6. HP: 67/67 MP: 6/6
  2586 | D:3      | Found a blossoming altar of Fedhas.
  3262 | D:4      | Reached skill level 6 in Fighting
  3262 | D:4      | Reached skill level 5 in Throwing
  3277 | D:4      | Reached * piety under Cheibriados
  3292 | D:4      | HP: 2/67 [leopard gecko (2)]
  3294 | D:4      | Slain by a leopard gecko

Vault maps used:
D:1:      ncdulo_watergridlock
D:2:      kennysheep_slug_shrine, chequers_ecumenical_altar_grove, uniq_terence,
          uniq_natasha
D:3:      lemuel_doored_altar, minmay_crystal_water, fedhas_altar_1
D:4:      lemuel_coloured_pillars_altar, ebering_ghost_rock_garden,
          first_ration, mrwooster_statue_mirror, uniq_eustachio

Skill      XL: |  1  2  3  4  5  6 |
---------------+-------------------+-----
Fighting       | 3 4 5 6 |  6.0
Dodging        | 2 3 |  3.0
Maces & Flails | 1 2 |  2.0
Throwing       | 5 |  5.0
Stealth        | |  0.6

Action                   |  1- 3 |  4- 6 || total
-------------------------+-------+-------++-------
Melee: Short sword       |    74 |    15 ||    89
       Mace              |       |    63 ||    63
Throw: Large rock        |     6 |    26 ||    32
       Stone             |    36 |    59 ||    95
       Throwing net      |       |     3 ||     3
 Stab: Sleeping          |     1 |       ||     1
       Held in net/web   |       |     3 ||     3
  Eat: Chunk             |     2 |     4 ||     6
       Ration            |       |     1 ||     1
Armor: Robe              |    27 |    32 ||    59
Dodge: Dodged            |    48 |    83 ||   131

Table legend:
 A = Non-vault XP
 B = Vault XP
 C = Vault XP percentage of total XP
 D = Non-vault monster count
 E = Vault monster count
 F = Vault count percentage of total count
                 A         B        C        D         E       F
            +---------+---------+-------+---------+---------+-------
      Total |     390 |      77 |  16.5 |      58 |       3 |   4.9
            +---------+---------+-------+---------+---------+-------
        D:1 |      25 |       0 |   0.0 |      14 |       0 |   0.0
        D:2 |     136 |      77 |  36.2 |      25 |       3 |  10.7
        D:3 |      91 |       0 |   0.0 |      11 |       0 |   0.0
        D:4 |     138 |       0 |   0.0 |       8 |       0 |   0.0
            +---------+---------+-------+---------+---------+-------
